 Dungeon Crawl Stone Soup version 0.31-a0-149-g3fdcc5976a (webtiles) character file.

Game seed: 10247652177963452613

8549 promet the Thaumaturge (level 11, -21/64 HPs)
             Began as a Deep Elf Conjurer on June 7, 2023.
             Was an Initiate of Nemelex Xobeh.
             Demolished by a shadow (31 damage)
             ... on level 10 of the Dungeon.
             The game lasted 01:55:47 (20320 turns).

promet the Thaumaturge (Deep Elf Conjurer)         Turns: 20320, Time: 01:55:47

Health: -21/64     AC: 11    Str: 10 (11) XL:     11   Next: 11%
Magic:  7/26       EV: 12    Int: 26      God:    Nemelex Xobeh [......]
Gold:   563        SH:  5    Dex: 13      Spells: 8/28 levels left

rFire   + . .        a - +1 great sword (holy)
rCold   . . .        (shield currently unavailable)
rNeg    . . .        K - +0 acid dragon scales
rPois   .            c - +1 helmet
rElec   .            (no cloak)
rCorr   +            (no gloves)
SInv    .            A - +1 pair of boots "Exiet" {rF+ Str+5}
Will    ++...        s - amulet of reflection
Stlth   ++           k - ring of wizardry
HPRegen 0.30/turn    p - ring of willpower
MPRegen 0.20/turn

%: reflection, wizardry (x1)
@: no status effects
A: deterioration 1
a: Renounce Religion, Draw Escape, Draw Destruction, Draw Summoning


You were on level 10 of the Dungeon.
You worshipped Nemelex Xobeh.
Nemelex Xobeh was noncommittal.
You visited 3 branches of the dungeon, and saw 15 of its levels.

You collected 563 gold pieces.

Inventory:

Hand Weapons
 a - a +1 great sword of holy wrath (weapon)
 b - a +0 orcbow
 i - a +4 quarterstaff
 o - a +3 flail
 v - a +1 hand axe of draining
 C - a +2 dagger of draining
 G - a +3 short sword
 J - a +0 shortbow
Missiles
 h - 83 stones
 j - 6 poisoned darts
 n - 3 datura-tipped darts
 w - a curare-tipped dart (quivered)
Armour
 c - a +1 helmet (worn)
 u - a +1 pair of gloves
 A - the +1 pair of boots "Exiet" (worn) {rF+ Str+5}
   (You acquired it on level 6 of the Dungeon)

   Str:       It affects your strength (+5).
   rF:        It protects you from fire.
 K - +0 acid dragon scales (worn)
Jewellery
 f - a ring of magical power
 g - a +6 ring of strength
 k - a ring of wizardry (left hand)
 p - a ring of willpower (right hand)
 r - a ring of see invisible
 s - an amulet of reflection (around neck)
 t - a ring of flight
Wands
 m - a wand of polymorph (6)
 E - a wand of paralysis (16)
 I - a wand of flame (6)
Potions
 e - 3 potions of might
 l - a potion of enlightenment
 x - 2 potions of attraction
 z - 3 potions of cancellation
 H - 2 potions of haste


   Skills:
 * Level 5.9 Fighting
 + Level 4.1 Long Blades
 + Level 1.8 Staves
 + Level 8.2 Ranged Weapons
 + Level 5.0 Armour
 + Level 4.5 Dodging
 + Level 5.1 Stealth
 + Level 1.6 Shields
 + Level 9.0 Spellcasting
 + Level 7.9 Conjurations
 + Level 6.5 Hexes
 * Level 2.8 Translocations
 + Level 0.8 Evocations


You had 8 spell levels left.
You knew the following spells:

 Your Spells              Type           Power      Damage    Failure   Level
a - Magic Dart            Conj           100%       1d8       1%          1
b - Searing Ray           Conj           100%       2d8       1%          2
c - Dazzling Flash        Conj/Hex       98%        N/A       1%          3
d - Tukima's Dance        Hex            45%        N/A       1%          3
e - Fulminant Prism       Conj/Hex       24%        3d12      1%          4
f - Portal Projectile     Hex/Tloc       72%        N/A       1%          3
g - Iskenderun's Mystic   Conj/Tloc      39%        2d9       3%          4

Your spell library contained the following spells:

 Spells                   Type           Power      Damage    Failure   Level
 Blade Hands              Tmut           5%         N/A       61%         5


Dungeon Overview and Level Annotations

Branches:
Dungeon (13/15)            Temple (1/1) D:4            Lair (1/5) D:9
    Orc (0/2) D:9
 Vaults: D:13-14

Altars:
Ashenzari
Cheibriados
Dithmenos
Elyvilon
Fedhas
Gozag
Hepliaklqana
Kikubaaqudgha
Makhleb
Nemelex Xobeh
Okawaru
Qazlal
Ru
Sif Muna
Trog
Uskayaw
Vehumet
Wu Jian
Xom
Yredelemnul
Zin
The Shining One

Shops:
D:1 (   D:12 ?

Annotations:
D:9 exclusion: statue


Innate Abilities, Weirdness & Mutations

Your body sometimes deteriorates upon taking damage.


Message History

Confirm with . or Enter, or press ? or * to list all spells.
Aiming: Fulminant Prism (dangerous; 1% risk of failure)
Press: ? - help, Dir - move target You conjure a prism of explosive energy!
A fulminant prism comes into view.
The gnoll barely misses you. The gnoll closely misses you.
The shadow barely misses you.
You closely miss the shadow.
The shadow is heavily damaged.
The gnoll is no longer blind.
The gnoll hits you from afar with a +0 spear.
The gnoll hits you with a +0 club. The shadow hits you.
Your fulminant prism crackles loudly.
The gnoll misses you. The gnoll hits you with a +0 club.
* * * LOW HITPOINT WARNING * * *
The shadow hits you!
* * * LOW HITPOINT WARNING * * *
Your body deteriorates!
You feel weakened.
Okay, then.
Press: ? - help, v - describe, . - travel The floor, spattered with blood.
Casting: Fulminant Prism (dangerous; 1% risk of failure)
Confirm with . or Enter, or press ? or * to list all spells.
Casting: Dazzling Flash (safe; 1% risk of failure)
Press: ? - help, Dir - look around, f - activate The gnoll is dazzled. x2
Your fulminant prism explodes!
The blast of energy engulfs the shadow.
The shadow is severely damaged.
The gnoll misses you. You block the gnoll's attack.
The shadow slips into darkness.
The shadow flickers and vanishes!
Deactivating autopickup; reactivate with Ctrl-A.
You hear a shout! x4
You closely miss something.
You hear a shout!
The gnoll misses you. The gnoll closely misses you.
The shadow strikes at you from the darkness!
You die...
Your body disappears without a glow.

#.....##.#
.......#.# ..#
....>..#.######..#
.......#.........#
#.....#...# #.#
##...##....# #.#
##..##....# #g#
#..##....#####g#
#............{@#
##....[.^.#.####
#......... .
.........


You could see 2 gnolls.

Vanquished Creatures
  3 two-headed ogres
  A cane toad (Lair:1)
  Psyche (D:10)
  Maggie (D:8)
  A komodo dragon (D:9)
  A troll (D:9)
  11 yaks
  A wyvern (D:9)
  A dancing weapon (D:8)
  3 water moccasins (D:9)
  4 ice beasts
  5 black bears
  An orc warrior (D:7)
  3 ogres
  3 centaurs
  A phantom (D:7)
  A kobold brigand (D:4)
  3 bullfrogs
  A gnoll sergeant (D:10)
  5 wights (D:9)
  10 killer bees
  3 howler monkeys
  A jelly (D:5)
  4 orc priests
  4 hounds
  An iron imp (D:5)
  3 sleepcaps
  3 iguanas
  8 orc wizards
  Robin (D:2)
  5 gnolls
  7 adders
  A shadow imp (D:7)
  2 white imps (D:7)
  2 worms (D:4)
  5 dart slugs
  21 orcs
  4 ball pythons
  8 endoplasms
  13 goblins
  10 hobgoblins
  6 jackals
  4 quokkas
  7 bats
  4 frilled lizards
  2 goblin skeletons (D:5)
  A goblin zombie (D:5)
  2 hobgoblin zombies (D:5)
  4 kobolds
  2 kobold zombies (D:5)
  2 orc skeletons (D:5)
  An orc zombie (D:5)
  4 rats
206 creatures vanquished.

Vanquished Creatures (others)
  2 dancing weapons
  8 fulminant prisms
10 creatures vanquished.

Grand Total: 216 creatures vanquished

Notes
Turn   | Place    | Note
-------+----------+-------------------------------------------
     0 | D:1      | promet the Deep Elf Conjurer began the quest for the Orb.
     0 | D:1      | Reached XP level 1. HP: 10/10 MP: 6/6
   131 | D:1      | Reached XP level 2. HP: 15/15 MP: 1/8
   134 | D:1      | Learned a level 2 spell: Searing Ray
   245 | D:1      | Found Hudaatups's Weapon Shop.
   491 | D:1      | Reached skill level 5 in Conjurations
  1055 | D:2      | Reached XP level 3. HP: 14/20 MP: 6/9
  1656 | D:2      | Noticed Robin
  2011 | D:2      | Killed Robin
  2012 | D:2      | Reached skill level 1 in Fighting
  2047 | D:2      | Reached XP level 4. HP: 25/25 MP: 1/10
  2756 | D:2      | Reached skill level 1 in Ranged Weapons
  3253 | D:3      | Learned a level 3 spell: Dazzling Flash
  3485 | D:3      | Found a blossoming altar of Fedhas.
  4164 | D:4      | Reached XP level 5. HP: 29/29 MP: 5/12
  4696 | D:4      | Reached skill level 4 in Spellcasting
  5265 | D:4      | Found a glowing silver altar of Zin.
  5502 | D:4      | Reached skill level 1 in Hexes
  5502 | D:4      | Reached XP level 6. HP: 8/35 MP: 7/14
  6314 | D:4      | Found a staircase to the Ecumenical Temple.
  6461 | D:4      | Reached skill level 1 in Armour
  6597 | D:4      | Found an ornate altar of the Wu Jian Council.
  7036 | D:5      | Entered Level 5 of the Dungeon
  7285 | D:5      | Noticed an ice beast
  7452 | D:5      | Reached skill level 1 in Staves
  7452 | D:5      | Reached XP level 7. HP: 40/40 MP: 11/15
  7508 | D:5      | Found a glowing golden altar of the Shining One.
  8102 | D:5      | Learned a level 3 spell: Tukima's Dance
  8568 | D:5      | Reached skill level 5 in Spellcasting
  8731 | D:6      | Noticed a komodo dragon
  8853 | D:5      | Reached XP level 8. HP: 33/45 MP: 11/17
  9516 | D:6      | Identified a scroll of acquirement
  9516 | D:6      | Acquired the +1 pair of boots "Exiet" {rF+ Str+5}
  9570 | D:6      | Reached skill level 1 in Long Blades
  9678 | D:6      | Noticed a white ugly thing
 11129 | D:7      | Learned a level 4 spell: Fulminant Prism
 11231 | D:7      | Reached skill level 6 in Spellcasting
 11874 | D:7      | Reached skill level 5 in Ranged Weapons
 12232 | D:8      | Reached XP level 9. HP: 51/51 MP: 17/20
 12693 | D:8      | Noticed Maggie
 12711 | D:8      | Killed Maggie
 13728 | D:8      | Reached skill level 5 in Hexes
 14546 | D:8      | Reached skill level 5 in Stealth
 14546 | D:8      | Reached skill level 7 in Spellcasting
 14732 | D:9      | Found a staircase to the Orcish Mines.
 14908 | D:9      | Found a radiant altar of Vehumet.
 15206 | D:9      | Noticed a troll
 15226 | D:9      | Killed a troll
 15723 | D:9      | Reached XP level 10. HP: 47/58 MP: 10/23
 15895 | D:9      | Learned a level 3 spell: Portal Projectile
 16323 | D:9      | Reached skill level 5 in Fighting
 16323 | D:9      | Reached skill level 1 in Translocations
 16340 | D:9      | Reached skill level 1 in Shields
 16522 | D:9      | Found a shadowy altar of Dithmenos.
 16856 | D:9      | Noticed a two-headed ogre
 16874 | D:9      | Killed a two-headed ogre
 16875 | D:9      | Reached skill level 8 in Spellcasting
 16956 | D:9      | Noticed a two-headed ogre
 16981 | D:8      | Killed a two-headed ogre
 17772 | D:9      | Found a staircase to the Lair.
 17934 | D:9      | Found a broken altar of Ashenzari.
 18050 | Temple   | Entered the Ecumenical Temple
 18064 | Temple   | Became a worshipper of Nemelex Xobeh the Trickster
 18393 | D:9      | Learned a level 4 spell: Iskenderun's Mystic Blast
 18995 | Lair:1   | Entered Level 1 of the Lair of Beasts
 19010 | Lair:1   | Noticed a cane toad
 19018 | Lair:1   | Noticed a cane toad
 19021 | Lair:1   | Killed a cane toad
 19204 | D:10     | Entered Level 10 of the Dungeon
 19236 | D:10     | Identified the +3 chain mail "Lonum" {rPois Will+}
 19463 | D:10     | Gained mutation: You are frail. (-10% HP) [potion of
                  | mutation]
 19463 | D:10     | Lost mutation: You are frail. (-10% HP) [potion of
                  | mutation]
 19463 | D:10     | Gained mutation: Your body sometimes deteriorates upon
                  | taking damage. [potion of mutation]
 19534 | D:10     | Noticed Psyche
 19534 | D:10     | Noticed a two-headed ogre
 19582 | D:10     | Killed a two-headed ogre
 19583 | D:10     | Reached XP level 11. HP: 43/64 MP: 11/25
 19932 | D:10     | Killed Psyche
 19933 | D:10     | Reached skill level 5 in Armour
 20262 | D:10     | You fall into a shaft and drop 3 floors!
 20266 | D:13     | Noticed a tengu warrior
 20277 | D:12     | Found Anush's Magic Scroll Shoppe.
 20309 | D:10     | Reached skill level 9 in Spellcasting
 20320 | D:10     | Demolished by a shadow

Illustrated notes

Levels and vault maps discovered:
D:1:      eino_arrival_water_cross, layout_basic, serial_shops,
          nicolae_shop_pleasant_corner_grove
D:2:      layout_basic, uniq_robin
D:3:      layout_loops_ring, mainiacjoe_overflow_chevrons, minmay_misc_feat_x
D:4:      layout_basic, nzn_wu_jian_contemplation, amcnicky_altar_gilded,
          minmay_temple_entry_stoned_glass, serial_curves, eino_curves_02,
          eino_curves_01, nrook_mini_vaults
D:5:      cheibrodos_quashed, layout_rooms, nicolae_tso_besieged_by_evil
D:6:      layout_cave_pods, enter_ossuary_3
D:7:      layout_basic
D:8:      layout_basic, item_on_display_a, uniq_maggie
D:9:      layout_rooms, vehumet_statue, kennysheep_mini, lemuel_tele_altar,
          due_lair_maze_entry_diamond, kennysheep_another_room,
          dk_noncrumbling_3
D:10:     layout_loops_ring, biasface_ghost_orc_armoury, grunt_ministairs_9,
          serial_bayou_pond_a, uniq_psyche
D:11:     layout_layer_cave
D:12:     layout_rooms, serial_shops, shop, gauntlet_entry_generic
D:13:     layout_small_grid, minmay_misc_feat_four_crosses,
          unseen_surprise_small
Temple:   hellmonk_temple_two_chambers
Lair:1:   layout_cave_shapes, infiniplex_staircase_pool_2, uniq_gastronok

Skill      XL: |  1  2  3  4  5  6  7  8  9 10 11 |
---------------+----------------------------------+-----
Conjurations   | 5 6 7 |  7.9
Fighting       | 1 2 3 4 5 |  5.9
Ranged Weapons | 1 2 5 6 8 |  8.2
Stealth        | 3 4 5 |  5.1
Spellcasting   | 4 5 6 7 8 9 |  9.0
Hexes          | 1 2 4 5 6 |  6.5
Armour         | 1 2 3 4 5 |  5.0
Staves         | 1 |  1.8
Dodging        | 3 4 |  4.5
Long Blades    | 2 3 4 |  4.1
Translocations | 2 |  2.8
Shields        | 1 |  1.6
Evocations     | |  0.8

Action                     |  1- 3 |  4- 6 |  7- 9 | 10-12 || total
---------------------------+-------+-------+-------+-------++-------
  Melee: Dagger            |     1 |     1 |       |       ||     2
         Quarterstaff      |       |    22 |     2 |       ||    24
         Great sword       |       |       |    60 |    45 ||   105
   Fire: Sling             |    15 |     1 |       |       ||    16
         Shortbow          |       |    19 |    12 |       ||    31
         Orcbow            |       |       |    57 |    48 ||   105
  Throw: Dart              |       |       |       |     2 ||     2
   Cast: Magic Dart        |    64 |    52 |    58 |     4 ||   178
         Searing Ray       |     1 |    25 |    47 |    25 ||    98
         Dazzling Flash    |       |     3 |    12 |     8 ||    23
         Tukima's Dance    |       |       |     4 |     5 ||     9
         Fulminant Prism   |       |       |     1 |     7 ||     8
         Portal Projectile |       |       |       |    21 ||    21
  Evoke: Wand              |       |     2 |     5 |     1 ||     8
    Use: Scroll            |     5 |     4 |     9 |     4 ||    22
         Potion            |       |     1 |     3 |     9 ||    13
   Stab: Sleeping          |     1 |     2 |       |       ||     3
         Invisible         |       |     2 |     2 |       ||     4
 Armour: Robe              |     5 |     1 |       |       ||     6
         Ring mail         |       |    18 |    44 |       ||    62
         Acid dragon scale |       |       |    22 |    39 ||    61
  Dodge: Dodged            |    13 |    21 |   116 |    80 ||   230
  Block: Other             |       |       |    18 |    46 ||    64
         Reflection        |       |       |       |     1 ||     1

Table legend: (Time is in decaauts)
 A = Elapsed time spent in this place.
 B = Non-inter-level travel time spent in this place.
 C = Inter-level travel time spent in this place.
 D = Time resting spent in this place.
 E = Time spent auto-exploring this place.
 F = Levels seen in this place.
 G = Mean time per level.
                   A        B        C        D        E       F      G
               +--------+--------+--------+--------+--------+-----+--------+
         Total |  20428 |  19549 |    879 |   9972 |   1570 |  15 | 1361.9 |
       Dungeon |  20363 |  19485 |    878 |   9972 |   1570 |  13 | 1566.4 |
        Temple |     30 |     30 |      0 |      0 |      0 |   1 |   30.0 |
          Lair |     33 |     33 |      0 |      0 |      0 |   1 |   33.0 |
               +--------+--------+--------+--------+--------+-----+--------+

Top non-repeatable levels by time:
     D:9: 3698 daAuts
     D:8: 2810 daAuts
     D:4: 2741 daAuts
     D:2: 2308 daAuts
     D:7: 2220 daAuts
     D:5: 2164 daAuts
     D:6: 1411 daAuts
     D:1: 1063 daAuts
     D:3: 1061 daAuts
    D:10: 845 daAuts
  Lair:1: 33 daAuts
  Temple: 30 daAuts
    D:11: 16 daAuts
    D:13: 14 daAuts
    D:12: 5 daAuts
